General information
- name: BNet
- type: Ladder 1vs1/FFA
- host: Battle.net
- saver: Ghocher
map: RoadToStratholme
- players: 2
- length: 04:49
- speed: Fast
- version: 1.23 W3XP
- replay type: Public
» download(11 KB)
Players
team 1 (winner)
Ghocher (
teal | 50 APM | 240 actions | 04:49)
1 Firelord
1 Summon Lava Spawn
» actions
| Assign group hotkey | 5 | |
| Basic commands | 8 | |
| Build / train | 14 | |
| Enter build submenu | 16 | |
| Enter hero's abilities submenu | 1 | |
| Right click | 61 | |
| Select / deselect | 82 | |
| Select group hotkey | 36 | |
| Use ability | 17 | |
240 total
» units
» buildings
| Altar of Storms | 1 | |
| Orc Burrow | 2 | |
| War Mill | 1 | |
| Watch Tower | 5 | |
| Voodoo Lounge | 1 | |
10 total
» build order
00:03 Altar of Storms
00:04 Orc Burrow
00:58 War Mill
02:48 Orc Burrow
03:19 Watch Tower
03:22 Watch Tower
03:37 Watch Tower
04:34 Watch Tower
04:37 Watch Tower
04:45 Voodoo Lounge
team 2 (loser)
KnownSKILLBOY (
green | 18 APM | 86 actions | 04:47)
» actions
| Build / train | 8 | |
| Enter build submenu | 3 | |
| Right click | 40 | |
| Select / deselect | 29 | |
| Use ability | 6 | |
86 total
» units
» buildings
| Scout Tower | 2 | |
| Arcane Tower | 2 | |
| Farm | 1 | |
5 total
» build order
01:22 Scout Tower
01:35 Arcane Tower
01:39 Scout Tower
02:45 Arcane Tower
04:20 Farm
Chat log
(00:11 / All) Ghocher: gl
(01:27 / All) Ghocher: lol